 Dungeon Crawl Stone Soup version 0.22-a0-348-gd16d139 (webtiles) character file.

14 KarmaPolice the Sneak (level 2, 0/19 HPs)
             Began as a Vampire Enchanter on Mar 30, 2018.
             Slain by a hobgoblin (1 damage)
             ... on level 1 of the Dungeon on Apr 8, 2018.
             The game lasted 00:02:48 (867 turns).

KarmaPolice the Sneak (Vampire Enchanter)            Turns: 867, Time: 00:02:49

Health: 0/19       AC:  2    Str:  7    XL:     2   Next: 31%
Magic:  4/5        EV: 12    Int: 17    God:
Gold:   43         SH:  0    Dex: 14    Spells: 4/5 levels left

rFire    . . .     SeeInvis +   a - +1 dagger
rCold    . . .     Gourm    .   (no shield)
rNeg     + . .     Faith    .   b - +0 robe
rPois    .         Spirit   .   (no helmet)
rElec    .         Reflect  .   (no cloak)
rCorr    .         Harm     .   (no gloves)
MR       .....                  (no boots)
Stlth    +++.......             (no amulet)
HPRegen  0.06/turn              (no ring)
MPRegen  0.09/turn              (no ring)

@: no status effects
A: fangs 3, see invisible, unbreathing
a: no special abilities


You were on level 1 of the Dungeon.
You were not thirsty.

You visited 1 branch of the dungeon, and saw 1 of its levels.

You collected 43 gold pieces.

Inventory:

Hand Weapons
 a - a +1 dagger (weapon)
Armour
 b - a +0 robe (worn)
Scrolls
 c - a scroll of teleportation {unknown}
 e - a scroll of fear {unknown}
 f - a scroll of identify {unknown}
Potions
 d - 5 potions of blood


   Skills:
 + Level 1.5 Short Blades
 - Level 2.1 Dodging
 + Level 4.8 Stealth
 + Level 2.2 Spellcasting
 + Level 4.7 Hexes


You had 4 spell levels left.
You knew the following spells:

 Your Spells              Type           Power        Failure   Level  Hunger
a - Corona                Hex            ###....      2%          1    #......


Dungeon Overview and Level Annotations

Branches:
Dungeon (1/15)

Altars:


Innate Abilities, Weirdness & Mutations

You have razor-sharp teeth.
You have supernaturally acute eyesight. (SInv)
You can survive without breathing.


Message History

You hit the hobgoblin but do no damage.
The hobgoblin is almost dead.
The hobgoblin hits you but does no damage.
You hit the hobgoblin but do no damage. Your bite misses the hobgoblin.
The hobgoblin is almost dead.
The hobgoblin misses you.
You hit the hobgoblin but do no damage.
The hobgoblin is almost dead.
The hobgoblin barely misses you.
You hit the hobgoblin but do no damage.
The hobgoblin is almost dead.
The hobgoblin completely misses you.
You completely miss the hobgoblin.
The hobgoblin is almost dead.
The hobgoblin stops glowing.
The hobgoblin hits you.
* * * LOW HITPOINT WARNING * * *
You completely miss the hobgoblin.
The hobgoblin is almost dead.
The hobgoblin hits you.
You die...

#....#...##(##..##..# #.# #
#..........#.....###.#
...........%.#.....#.#
.......)....#..#...#.###.##
............................
#........(.)..##.......#####
#....##.....#......###...#
.....#.....#†.##...# ##...
........###@####...# ....
.......#bg.# ###..# ...
.........###### #.. ##
................ .
............####
.....(......# ............#
.....######## .>...


You could see a hobgoblin and a bat.

Vanquished Creatures
  A dart slug (D:1)
  A bat (D:1)
  A giant cockroach (D:1)
  2 goblins (D:1)
  3 hobgoblins (D:1)
  A frilled lizard (D:1)
  2 rats (D:1)
11 creatures vanquished.

Notes
Turn   | Place    | Note
-------+----------+-------------------------------------------
     0 | D:1      | KarmaPolice the Vampire Enchanter began the quest for the Orb.
     0 | D:1      | Reached XP level 1. HP: 13/13 MP: 3/3
   568 | D:1      | Reached XP level 2. HP: 12/19 MP: 5/5
   569 | D:1      | Upgraded the game from 0.22-a0-305-gd21a89c to 0.22-a0-348-gd16d139
   867 | D:1      | Slain by a hobgoblin

Vault maps used:
D:1:      matt_arrival_spirals

Action                   || total
-------------------------++-------
Melee: Dagger            ||    65
       Bite              ||     4
 Cast: Corona            ||     7
 Stab: Sleeping          ||     1
Armor: Robe              ||     8
Dodge: Dodged            ||    35

Table legend:
 A = Spawn XP
 B = Non-spawn XP
 C = Spawn XP percentage of total XP
 D = Spawn monster count
 E = Non-spawn monster count
 F = Spawn count percentage of total count
 G = Total turns spent on level
                    A         B        C        D         E        F      G
               +---------+---------+-------+---------+---------+-------+---------
         Total |       0 |      21 |   0.0 |       0 |      11 |   0.0 |   867
               +---------+---------+-------+---------+---------+-------+---------
           D:1 |       0 |      21 |   0.0 |       0 |      11 |   0.0 |   867
               +---------+---------+-------+---------+---------+-------+---------
